 Dungeon Crawl Stone Soup version 0.19.1 (webtiles) character file.

303 AlphabetPasta the Slasher (level 6, 0/43 HPs)
             Began as a High Elf Chaos Knight on Mar 13, 2017.
             Splashed by a jelly's acid (10 damage)
             ... on level 5 of the Dungeon.
             The game lasted 00:11:18 (2701 turns).

AlphabetPasta the Slasher (High Elf Chaos Knight)   Turns: 2701, Time: 00:11:18

Health: 0/43       AC:  9    Str: 17    XL:     6   Next: 15%
Magic:  7/7        EV: 14    Int: 18    God:    Xom [...*..]
Gold:   199        SH:  4    Dex: 19    Spells: 0 memorised, 5 levels left

rFire  . . .     SeeInvis .     a - +0 falchion (chaos)
rCold  . . .     Gourm    .     b - +2 leather armour
rNeg   . . .     Faith    .     (no shield)
rPois  .         Spirit   .     m - +2 hat
rElec  .         Reflect  .     h - +0 cloak
rCorr  .         Harm     .     (no gloves)
MR     +....     Rnd*Rage +     p - +0 pair of boots
Stlth  +.........               (no amulet)
                                s - ring of protection from magic
                                j - +4 ring of strength

@: about to teleport, studying Bows
A: antennae 2, claws 1, large bone plates 1, agile 2, berserk 1, clever 1
a: Renounce Religion


You were on level 5 of the Dungeon.
You worshipped Xom.
You were a favourite toy of Xom.
You were not hungry.

You visited 1 branch of the dungeon, and saw 5 of its levels.

You collected 199 gold pieces.

Inventory:

Hand Weapons
 a - a +0 falchion of chaos (weapon)
Missiles
 d - 10 tomahawks (quivered)
Armour
 b - a +2 leather armour (worn)
 h - a +0 cloak (worn)
 k - a +0 plate armour
 m - a +2 hat (worn)
 p - a +0 pair of boots (worn)
Jewellery
 f - a cursed -3 ring of strength
 j - a +4 ring of strength (left claw)
 s - a ring of protection from magic (right claw)
Scrolls
 e - 5 scrolls of identify
 g - 2 scrolls of magic mapping
 o - a scroll of amnesia
 t - a scroll of remove curse
Potions
 n - a potion of brilliance
Books
 l - a manual of Bows
Comestibles
 c - 3 bread rations
 i - 2 beef jerkies
 q - a royal jelly
 u - a meat ration


   Skills:
 + Level 4.1 Fighting
 * Level 5.9 Long Blades
 + Level 2.6 Armour
 + Level 3.4 Dodging


You had 5 spell levels left.
You didn't know any spells.

Dungeon Overview and Level Annotations

Branches:
Dungeon (5/15)
 Temple: D:4-7

Altars:
Dithmenos
Okawaru


Innate Abilities, Weirdness & Mutations

You have a pair of antennae on your head.
You have sharp fingernails.
You are partially covered in large bone plates. (SH +4)
You are very agile. (Dex +4)
You tend to lose your temper in combat.
Your mind is acute. (Int +2)


Message History

* * * LOW HITPOINT WARNING * * *
You hit the sky beast but do no damage.
The sky beast is almost dead.
The crimson imp blinks!
The sky beast hits you but does no damage.
You hit the sky beast.
You kill the sky beast!
You have reached level 6!
Your experience leads to an increase in your attributes!
Your base attributes are Str 12, Int 15, Dex 15.
Increase (S)trength, (I)ntelligence, or (D)exterity?
You feel stronger.
You feel clever. The jelly hits you but does no damage.
Okay, then.
As you read the scroll of teleportation, it crumbles to dust.
You feel strangely unstable. The jelly hits you.
* * * LOW HITPOINT WARNING * * *
You are splashed with acid!
The acid burns!
You die...
Xom roars with laughter!

### ... ..# #.# #.#
#.# #.# { #.# #@#
#J#######
#############5#.....
.......<5...ยง5..{....
.........#.####.#.###
#####.....#....<...#
.......#{.#.####.#.#
##.......#.# .#.#
.........5#.# .# #


You could see a jelly, a crimson imp and a shadow imp.

Vanquished Creatures
  A sky beast (D:5)
  A bullfrog zombie (D:4)
  A bullfrog skeleton (D:3)
  A hound (D:4)
  4 adders
  2 oozes
  4 worms
  A dart slug (D:2)
  2 leopard geckos
  7 orcs
  8 giant cockroaches
  5 goblins
  3 hobgoblins
  4 kobolds
  A quokka (D:4)
  4 bats
  2 frilled lizards
  A leopard gecko skeleton (D:5)
  A quokka skeleton (D:4)
  8 rats
61 creatures vanquished.

Vanquished Creatures (collateral kills)
  A kobold (D:2)
  A bat (D:2)
2 creatures vanquished.

Grand Total: 63 creatures vanquished

Notes
Turn   | Place    | Note
-------+----------+-------------------------------------------
     0 | D:1      | AlphabetPasta the High Elf Chaos Knight began the quest for the Orb.
     0 | D:1      | Reached XP level 1. HP: 16/16 MP: 2/2
    70 | D:1      | Gained mutation: You tend to lose your temper in combat. [potion of mutation]
    70 | D:1      | Gained mutation: You have a pair of small antennae on your head. [potion of mutation]
   157 | D:1      | Reached skill level 1 in Armour
   220 | D:1      | Reached XP level 2. HP: 15/21 MP: 3/3
   255 | D:1      | Reached skill level 4 in Long Blades
   315 | D:2      | XOM: cloud trail
   422 | D:2      | XOM: cast spell 'Summon Ice Beast'
   449 | D:2      | XOM: cast spell 'Spider Form'
   453 | D:2      | Reached XP level 3. HP: 20/26 MP: 4/4
   513 | D:2      | XOM: cloud trail
   533 | D:2      | XOM: god gift: scroll labeled GOSTRA EHUEGONT {god gift}
   535 | D:2      | Identified a scroll of acquirement
   619 | D:2      | Found a faded altar of an unknown god.
   773 | D:2      | Found a shadowy altar of Dithmenos.
   982 | D:2      | Reached XP level 4. HP: 29/31 MP: 5/5
  1248 | D:3      | Found an iron altar of Okawaru.
  1440 | D:3      | XOM: harmless Erth miscast
  1511 | D:3      | Reached skill level 5 in Long Blades
  1794 | D:3      | XOM: divination: detect items
  1808 | D:3      | XOM: give mutations
  1808 | D:3      | Gained mutation: You have sharp fingernails. [Xom's grace]
  1808 | D:3      | Gained mutation: Your mind is acute. (Int +2) [Xom's grace]
  1808 | D:3      | Gained mutation: You are agile. (Dex +2) [Xom's grace]
  1975 | D:4      | XOM: divination: detect items
  2016 | D:4      | XOM: 3-stop teleportation journey
  2064 | D:4      | XOM: 1-stop teleportation journey
  2109 | D:4      | XOM: give mutations
  2109 | D:4      | Gained mutation: You are very agile. (Dex +4) [Xom's grace]
  2109 | D:4      | Gained mutation: You are partially covered in large bone plates. (SH +4) [Xom's grace]
  2109 | D:4      | Gained mutation: You have a pair of antennae on your head. [Xom's grace]
  2114 | D:4      | Reached XP level 5. HP: 20/37 MP: 6/6
  2659 | D:5      | Entered Level 5 of the Dungeon
  2668 | D:5      | Noticed a sky beast
  2700 | D:5      | Killed a sky beast
  2700 | D:5      | Reached XP level 6. HP: 11/43 MP: 7/7
  2701 | D:5      | Splashed by a jelly's acid

Skill      XL: |  1  2  3  4  5 |
---------------+----------------+-----
Armour         | 1 2 |  2.6
Long Blades    | 4 5 |  5.9
Dodging        | 3 |  3.4
Fighting       | 4 |  4.1

Action                   |  1- 3 |  4- 6 || total
-------------------------+-------+-------++-------
Melee: Falchion          |    87 |   120 ||   207
       Unarmed           |     4 |       ||     4
  Use: Potion            |     4 |     4 ||     8
       Scroll            |     4 |     7 ||    11
 Stab: Petrified         |     3 |       ||     3
       Sleeping          |     1 |     1 ||     2
  Eat: Chunk             |       |     3 ||     3
       Meat ration       |       |     1 ||     1
Armor: Leather armour    |    44 |    41 ||    85
Dodge: Dodged            |    74 |    61 ||   135
Block: Other             |       |     8 ||     8
       Rpst.: Falchion   |    20 |    27 ||    47
